 Dungeon Crawl Stone Soup version 0.32-a0-306-gfed3edf829 (webtiles) character file.

Game seed: 11136582333076373518

71394 Drazool the Unseen (level 14, -1/103 HPs)
             Began as a Vampire Enchanter on Feb 14, 2024.
             Was an Initiate of Gozag.
             Slain by a demonspawn (8 damage)
             ... on level 2 of the Orcish Mines.
             The game lasted 01:48:24 (26374 turns).

Drazool the Unseen (Vampire Enchanter)             Turns: 26374, Time: 01:48:25

Health: -1/103     AC: 12    Str:  7    XL:     14   Next: 97%
Magic:  26/28      EV: 17    Int: 19    God:    Gozag
Gold:   4961       SH:  5    Dex: 20    Spells: 20/33 levels left

rFire   + . .        a - +4 lajatang of Tumult {flame, rElec rC+++ Will++ Dex-4}
rCold   + + .        (shield currently unavailable)
rNeg    . . .        S - +0 steam dragon scales
rPois   +            q - +2 helmet
rElec   +            L - +1 cloak {Stlth+}
rCorr   .            j - +0 pair of gloves
SInv    +            n - +0 pair of boots
Will    +++++        z - amulet of reflection
Stlth   +++++++      K - ring of Ymelal {rElec rPois rF+ rC- Will++}
HPRegen 0.57/turn    D - +6 ring of dexterity
MPRegen 0.21/turn

%: reflection
@: gold aura, healing quickly
A: alive, fangs 3, see invisible, vampiric 2, no forms
a: Exsanguinate, Renounce Religion, Potion Petition, Call Merchant, Bribe Branch


You were on level 2 of the Orcish Mines.
You worshipped Gozag.
Gozag was most pleased with you.
You visited 4 branches of the dungeon, and saw 19 of its levels.

You collected 6125 gold pieces.
You spent 638 gold pieces at shops.
You paid 526 gold pieces to Gozag.


Innate Abilities, Weirdness & Mutations

Your natural rate of healing is accelerated.
You have razor-sharp teeth.
You have supernaturally acute eyesight. (SInv)
You are afflicted with vampirism and can become a bat while bloodless.
You cannot voluntarily change form.


   Skills:
 - Level 7.0 Fighting
 - Level 6.0 Short Blades
 - Level 12.5 Staves
 - Level 8.0 Dodging
 - Level 15.0 Stealth
 - Level 10.0 Spellcasting
 - Level 4.0 Conjurations
 - Level 14.0 Hexes
 + Level 7.6 Ice Magic
 - Level 3.0 Evocations


You had 20 spell levels left.
You knew the following spells:

 Your Spells              Type           Power      Damage    Failure   Level
c - Confusing Touch       Hex            58%        N/A       1%          3
d - Tukima's Dance        Hex            58%        N/A       1%          3
e - Ensorcelled Hibernat  Hex/Ice        100%       N/A       1%          2
f - Dazzling Flash        Conj/Hex       86%        N/A       1%          3
X - Jinxbite              Hex            100%       N/A       1%          2

Your spell library contained the following spells:

 Spells                   Type           Power      Damage    Failure   Level
 Magic Dart               Conj           96%        1d7       1%          1
 Hailstorm                Conj/Ice       31%        3d8       1%          3
 Ozocubu's Armour         Ice            38%        N/A       1%          3
 Anguish                  Hex/Necr       18%        N/A       4%          4
 Apportation              Tloc           18%        N/A       8%          1
 Sandblast                Erth           18%        2d7       8%          1
 Stone Arrow              Conj/Erth      34%        3d9       10%         3
 Blink                    Tloc           18%        N/A       11%         2
 Call Imp                 Summ           18%        N/A       11%         2
 Lesser Beckoning         Tloc           18%        N/A       11%         2
 Mercury Vapours          Alch/Air       18%        N/A       11%         2
 Mephitic Cloud           Conj/Alch/Air  14%        N/A       13%         3
 Fugue of the Fallen      Necr           9%         N/A       22%         3
 Gell's Gravitas          Tloc           9%         N/A       22%         3
 Passwall                 Erth           9%         N/A       22%         3
 Teleport Other           Tloc           9%         N/A       22%         3
 Brom's Barrelling Bould  Conj/Erth      17%        2d4       32%         4
 Iskenderun's Battlesphe  Conj           24%        2d8       36%         5
 Freezing Cloud           Conj/Ice/Air   12%        6-21      38%         5
 Manifold Assault         Tloc           9%         N/A       58%         4
 Alistair's Intoxication  Alch           6%         N/A       90%         5
 Bombard                  Conj/Erth      8%         9d2       99%         6
 Spellforged Servitor     Conj/Summ      8%         N/A       100%        7

Inventory:

Hand Weapons
 a - the +4 lajatang of Tumult (weapon) {flame, rElec rC+++ Will++ Dex-4}
   (You acquired it on level 8 of the Dungeon)

   Dex-4:     It affects your dexterity (-4).
   rC+++:     It renders you almost immune to cold.
   rElec:     It insulates you from electricity.
   Will++:    It greatly increases your willpower.
 b - a +0 dagger of draining
Missiles
 p - 2 throwing nets {=f}
 y - 14 poisoned darts
Armour
 j - a +0 pair of gloves (worn)
 n - a +0 pair of boots (worn)
 q - a +2 helmet (worn)
 L - a +1 cloak of stealth (worn)
 S - +0 steam dragon scales (worn)
Magical Staves
 r - the staff of Nuopt {rPois rF+ rN+ Necro, !a}
   (You found it on level 5 of the Lair of Beasts)

   [staff of death]

   Base accuracy: +5 Base damage: 5 Base attack delay: 1.2 This weapon's minimum
   attack delay (0.6) is reached at skill level 12.
   rF+:       It protects you from fire.
   rPois:     It protects you from poison rN+: It protects you from negative
   energy.
   Necro:     It increases the power of your Necromancy spells.
   It falls into the 'Staves' category.
   It is a one-handed weapon.
 Q - a staff of fire {!a}
Jewellery
 o - an amulet of faith {!P}
 z - an amulet of reflection (around neck)
 D - a +6 ring of dexterity (right hand)
 K - the ring of Ymelal (left hand) {rElec rPois rF+ rC- Will++}
   (You acquired it on level 4 of the Lair of Beasts)

   [ring of poison resistance]

   rF+:       It protects you from fire.
   rC-:       It makes you vulnerable to cold.
   rElec:     It insulates you from electricity.
   rPois:     It protects you from poison Will++: It greatly increases your
   willpower.
 M - a ring of magical power
 N - a ring of positive energy
 P - a ring of poison resistance
Wands
 u - a wand of digging (7)
 E - a wand of mindburst (4)
 R - a wand of paralysis (8)
 U - a wand of iceblast (1)
Scrolls
 e - 4 scrolls of amnesia
 h - 2 scrolls of poison
 i - a scroll of torment
 l - a scroll of enchant weapon
 m - 4 scrolls of immolation
 s - 3 scrolls of fog
 v - 3 scrolls of revelation
 w - a scroll of brand weapon
 x - a scroll of fear
 H - 2 scrolls of enchant armour
 T - a scroll of silence {!r}
Potions
 c - a potion of invisibility
 d - 5 potions of enlightenment
 f - a potion of magic {unknown}
 t - 3 potions of lignification
 A - a potion of resistance {unknown}
 G - 4 potions of curing {@q1}
 I - a potion of ambrosia
 J - 2 potions of mutation
 O - a potion of might
 V - 3 potions of attraction
 W - a potion of heal wounds {@q2}
Miscellaneous
 C - a box of beasts (inert)

Dungeon Overview and Level Annotations

Branches:
Dungeon (11/15)            Temple (1/1) D:7            Lair (5/5) D:8
 Shoals (0/4) Lair:2       Spider (0/4) Lair:2        Slime (0/5) Lair:5
    Orc (2/2) D:11            Elf (0/3) Orc:2

Altars:
Ashenzari
Cheibriados
Dithmenos
Fedhas
Gozag
Hepliaklqana
Kikubaaqudgha
Makhleb
Nemelex Xobeh
Okawaru
Qazlal
Ru
Sif Muna
Trog
Uskayaw
Vehumet
Wu Jian
Xom
Yredelemnul

Shops:
D:1 *   Orc:2 [!?   Lair:5 *

Portals:
Hell: Lair:5

Annotations:
D:3 1 runed translucent door, Crazy Yiuf
Temple 2 transporters
Orc:2 Saint Roka

# ###▒▒▒▒▒................
▒▒.▒▒▒.........[.....
▒▒...▒▒▒..........[...
▒▒.....▒▒▒.............
▒▒.▒...▒.▒▒▒............
▒▒.....))).▒▒▒..)........
▒▒...▒.▒$▒...▒▒▒.$........
▒▒...▒▒..(▒▒)..▒▒▒.........
▒▒..)▒▒..▒6@▒▒...▒▒▒........
▒▒...▒▒..▒░▒$.▒▒...▒▒▒.(.....
▒▒.▒.▒▒..▒▒ ▒▒..▒▒.▒.▒▒▒......
#▒▒▒...▒▒.6▒▒ ▒▒..▒▒...▒▒▒)....
#.▒▒▒.▒)▒▒..▒ ..▒▒.▒.▒▒▒......
)..▒▒▒..[▒▒o.▒ o.▒▒...▒▒▒.......
.)[)▒▒▒.).▒▒...6.▒▒...▒▒▒........
.▒▒[)▒▒▒...▒▒...▒▒...▒▒▒..▒▒.....
#▒▒▒).▒▒▒...▒▒.▒▒...▒▒▒..▒▒▒.....


You could see a demonspawn.


Message History

* * * LOW HITPOINT WARNING * * *
Unknown command.
You miss the demonspawn.
The demonspawn is almost dead.
You block the demonspawn's attack. The demonspawn closely misses you.
The demonspawn misses you.
Unknown command.
You closely miss the demonspawn.
The demonspawn is almost dead.
The demonspawn hits you.
* * * LOW HITPOINT WARNING * * *
The demonspawn barely misses you. The demonspawn gores you!
* * * LOW HITPOINT WARNING * * *
The demonspawn hits you!
* * * LOW HITPOINT WARNING * * *
The demonspawn claws you but does no damage.
The demonspawn barely misses you.
You miss the demonspawn.
The demonspawn is almost dead.
The demonspawn misses you.
The demonspawn claws you but does no damage.
You block the demonspawn's attack.
The demonspawn hits you but does no damage.
The demonspawn claws you but does no damage.
The demonspawn misses you.
You slash the demonspawn! You burn the demonspawn.
You kill the demonspawn!
The demonspawn closely misses you. The demonspawn claws you!
You die...
Your body crumbles into a pile of gold.

Skill      XL: |  1  2  3  4  5  6  7  8  9 10 11 12 13 14 |
---------------+-------------------------------------------+-----
Stealth        | 5 8 10 12 15 | 15.0
Ice Magic      | 2 3 5 7 |  7.6
Spellcasting   | 3 4 5 6 7 8 10 | 10.0
Hexes          | 7 8 9 10 12 14 | 14.0
Fighting       | 1 3 4 6 7 |  7.0
Short Blades   | 3 4 6 |  6.0
Dodging        | 3 5 8 |  8.0
Evocations     | 2 3 |  3.0
Staves         | 7 8 10 12 | 12.5
Conjurations   | 4 |  4.0

Action                     |  1- 3 |  4- 6 |  7- 9 | 10-12 | 13-15 || total
---------------------------+-------+-------+-------+-------+-------++-------
  Melee: Dagger            |    58 |    51 |    83 |   256 |   179 ||   627
         Bite              |       |     5 |    11 |    50 |    64 ||   130
         Short sword       |       |    12 |    31 |       |       ||    43
         Lajatang          |       |       |       |   143 |   342 ||   485
  Throw: Dart              |       |       |     4 |    15 |    18 ||    37
   Cast: Ensorcelled Hiber |    22 |    38 |    52 |   202 |   198 ||   512
         Tukima's Dance    |       |     1 |    14 |    29 |   129 ||   173
         Confusing Touch   |       |       |     1 |    15 |     3 ||    19
         Jinxbite          |       |       |       |     2 |       ||     2
         Dazzling Flash    |       |       |       |    16 |    15 ||    31
 Invoke: Sacrifice Forms   |       |       |     1 |       |       ||     1
         Call Merchant     |       |       |       |       |     1 ||     1
  Evoke: Wand              |       |       |       |     3 |     7 ||    10
         Box of beasts     |       |       |       |     1 |     2 ||     3
    Use: Scroll            |       |     6 |     1 |    16 |    20 ||    43
         Potion            |       |     1 |       |     3 |     7 ||    11
   Stab: Sleeping          |    24 |    30 |    41 |   116 |   112 ||   323
         Confused          |       |       |     1 |    11 |     4 ||    16
         Distracted        |       |       |     1 |     2 |     8 ||    11
         Invisible         |       |       |       |     7 |     6 ||    13
 Armour: Robe              |    24 |    35 |    56 |   214 |    68 ||   397
         Skin              |       |       |       |    17 |       ||    17
         Steam dragon scal |       |       |       |       |   228 ||   228
  Dodge: Dodged            |    22 |    46 |    85 |   205 |   333 ||   691
  Block: Other             |       |       |    13 |    63 |    81 ||   157
         Reflection        |       |       |     1 |       |     1 ||     2

Levels and vault maps discovered:
D:1:      onia_arrival_mini_maze_b, layout_basic, serial_shops, shop,
          minmay_indecisive_spiral
D:2:      layout_basic
D:3:      layout_loops_ring, grunt_temple_overflow_open, jmf_multi_god_temple2,
          minmay_hedge_maze, uniq_crazy_yiuf_cottage
D:4:      layout_basic, kennysheep_generic_room_11
D:5:      layout_basic, mainiacjoe_overflow_two_lobes
D:6:      layout_cave_pools, uniq_prince_ribbit1
D:7:      layout_loops_ring, minmay_temple_entry_antechambers, sigmund_army,
          uniq_maurice, uniq_jeremiah
D:8:      layout_rooms, due_lair_maze_entry_diamond,
          minmay_misc_feat_more_columns, grunt_ministairs_5, nicolae_tricolors
D:9:      layout_roguey, nicolae_qazlal_eye_of_the_storm, minmay_misc_feat_chi,
          nicolae_beast_mode
D:10:     layout_small_grid, minmay_quadrilaterals
D:11:     layout_roguey, david_orc_1_choice
Temple:   hellmonk_temple_divided_pantheon
Lair:1:   layout_regular_city, grunt_megastairs_5
Lair:2:   layout_gridlike, shoals_dummy_entry, nicolae_spider_entry_tight_spaces
Lair:3:   layout_hall_layers, infiniplex_staircase_pool, lemuel_fruit_tree,
          grunt_megastairs_3, lemuel_fruit_fields
Lair:4:   layout_layer_cave, grunt_megastairs_1
Lair:5:   evil_forest, layout_cave_pods, nicolae_slime_entry_slimehenge,
          grunt_megastairs_2
Orc:1:    layout_diamond_mine, uniq_urug
Orc:2:    pf_orc_diabolical, layout_diamond_mine, serial_shops, shop,
          uniq_donald, uniq_saint_roka

Notes
Turn   | Place    | Note
-------+----------+-------------------------------------------
     0 | D:1      | Drazool the Vampire Enchanter began the quest for the Orb.
     0 | D:1      | Reached XP level 1. HP: 13/13 MP: 3/3
   138 | D:1      | Reached skill level 5 in Stealth
   163 | D:1      | Reached XP level 2. HP: 19/19 MP: 5/5
   174 | D:1      | Learned a level 2 spell: Ensorcelled Hibernation
   487 | D:1      | Reached skill level 1 in Ice Magic
   750 | D:1      | Found Zuanois's General Store.
   978 | D:2      | Reached skill level 2 in Ice Magic
   978 | D:2      | Gained mutation: You are afflicted with vampirism and can
                  | become a bat while bloodless. [Vampire growth]
   978 | D:2      | Reached XP level 3. HP: 24/24 MP: 3/6
  1479 | D:1      | Bought a potion of curing for 33 gold pieces
  1479 | D:1      | Bought a scroll of noise for 11 gold pieces
  1629 | D:2      | Reached XP level 4. HP: 30/30 MP: 5/8
  1662 | D:2      | Learned a level 3 spell: Confusing Touch
  1666 | D:2      | Learned a level 3 spell: Tukima's Dance
  1692 | D:2      | Reached skill level 3 in Spellcasting
  1732 | D:2      | Reached skill level 5 in Hexes
  2094 | D:3      | Noticed a water moccasin
  2101 | D:3      | Killed a water moccasin
  2102 | D:3      | Reached skill level 7 in Hexes
  2102 | D:3      | Reached XP level 5. HP: 10/35 MP: 2/9
  2569 | D:3      | Reached skill level 1 in Fighting
  2586 | D:3      | Found a sacrificial altar of Ru.
  2587 | D:3      | Found a broken altar of Ashenzari.
  2786 | D:3      | Found a runed translucent door.
  2787 | D:3      | Noticed Crazy Yiuf
  2962 | D:3      | Found a sparkling altar of Nemelex Xobeh.
  3197 | D:4      | Reached XP level 6. HP: 44/44 MP: 10/10
  3528 | D:4      | Got the Papyrus of Striking
  3563 | D:4      | Reached skill level 2 in Fighting
  3995 | D:5      | Entered Level 5 of the Dungeon
  4177 | D:5      | Reached skill level 3 in Fighting
  4177 | D:5      | Reached skill level 2 in Short Blades
  4284 | D:5      | Noticed an ice beast
  4290 | D:5      | Killed an ice beast
  4291 | D:5      | Reached skill level 3 in Short Blades
  4291 | D:5      | Reached skill level 3 in Dodging
  4291 | D:5      | Reached XP level 7. HP: 52/52 MP: 11/11
  4338 | D:5      | Reached skill level 8 in Hexes
  4542 | D:5      | Found an iron altar of Okawaru.
  4574 | D:5      | Found a shadowy altar of Dithmenos.
  4852 | D:3      | Became a worshipper of Ru the Awakened
  4949 | D:6      | Noticed a yak
  4972 | D:6      | Killed a yak
  4973 | D:6      | Reached skill level 4 in Spellcasting
  4973 | D:6      | Reached skill level 3 in Ice Magic
  5009 | D:6      | Noticed a yak
  5009 | D:6      | Noticed a yak
  5236 | D:6      | Reached skill level 4 in Fighting
  5236 | D:6      | Reached XP level 8. HP: 60/60 MP: 10/14
  5244 | D:6      | Reached skill level 4 in Short Blades
  5250 | D:6      | Reached skill level 4 in Dodging
  5253 | D:6      | Reached skill level 5 in Dodging
  5338 | D:5      | Reached skill level 6 in Stealth
  5445 | D:6      | Noticed Prince Ribbit
  5501 | D:6      | Killed Prince Ribbit
  5502 | D:6      | Reached skill level 7 in Stealth
  5626 | D:6      | Reached skill level 5 in Spellcasting
  5639 | D:6      | Reached skill level 1 in Evocations
  5939 | D:6      | Reached skill level 2 in Evocations
  6162 | D:7      | Noticed Maurice
  6176 | D:7      | Killed Maurice
  6177 | D:7      | Reached skill level 8 in Stealth
  6177 | D:7      | Reached skill level 9 in Hexes
  6177 | D:7      | Reached XP level 9. HP: 59/66 MP: 13/16
  6329 | D:7      | Reached skill level 5 in Fighting
  6378 | D:7      | Noticed Jeremiah
  6381 | D:7      | Killed Jeremiah
  6382 | D:7      | Reached skill level 9 in Stealth
  6396 | D:7      | Gained mutation: You cannot voluntarily change form. [Ru
                  | sacrifice]
  6717 | D:7      | Reached skill level 10 in Stealth
  6734 | D:7      | Found a staircase to the Ecumenical Temple.
  6991 | Temple   | Found a transporter.
  6991 | Temple   | Found a transporter.
  6991 | Temple   | Found a transporter.
  6991 | Temple   | Found a transporter.
  6991 | Temple   | Entered the Ecumenical Temple
  7003 | Temple   | Fell from the grace of Ru
  7003 | Temple   | Became a worshipper of Gozag Ym Sagoz the Greedy
  7062 | D:8      | Found a staircase to the Lair.
  7079 | D:8      | Reached skill level 6 in Spellcasting
  7104 | D:7      | Reached skill level 6 in Fighting
  7315 | D:8      | Reached skill level 10 in Hexes
  7337 | D:8      | Reached XP level 10. HP: 75/76 MP: 2/19
  7470 | D:8      | Identified a scroll of acquirement
  7471 | D:8      | Acquired the +4 lajatang of Tumult {flame, rElec rC+++
                  | Will++ Dex-4}
  7622 | D:8      | Reached skill level 1 in Staves
  8038 | D:8      | Reached skill level 2 in Staves
  8542 | D:9      | Reached skill level 3 in Staves
  8554 | D:9      | Learned a level 2 spell: Jinxbite
  8641 | D:9      | Noticed a juvenile stingweird beast
  8664 | D:9      | Killed a juvenile stingweird beast
  8665 | D:9      | Reached skill level 4 in Staves
  8761 | D:9      | Noticed a boulder beetle
  8793 | D:9      | Killed a boulder beetle
  8794 | D:9      | Reached skill level 5 in Staves
  8895 | D:9      | Noticed a two-headed ogre
  8929 | D:9      | Killed a two-headed ogre
  8930 | D:9      | Reached skill level 6 in Staves
  9231 | D:9      | Reached skill level 7 in Staves
  9826 | D:9      | Found a stormy altar of Qazlal.
  9886 | D:10     | Entered Level 10 of the Dungeon
 10005 | D:10     | Reached XP level 11. HP: 81/81 MP: 17/20
 10137 | D:9      | Reached skill level 8 in Staves
 10729 | D:10     | Learned a level 3 spell: Dazzling Flash
 10729 | D:10     | Noticed a two-headed ogre
 10757 | D:10     | Killed a two-headed ogre
 11088 | D:10     | Reached skill level 7 in Spellcasting
 11347 | Lair:1   | Entered Level 1 of the Lair of Beasts
 11350 | Lair:1   | Reached skill level 3 in Evocations
 11376 | Lair:1   | Reached skill level 11 in Stealth
 11409 | Lair:1   | Reached skill level 12 in Stealth
 11646 | Lair:1   | Reached skill level 7 in Fighting
 11834 | Lair:1   | Reached skill level 5 in Short Blades
 11974 | Lair:1   | Reached skill level 6 in Short Blades
 11983 | Lair:1   | Reached XP level 12. HP: 91/91 MP: 9/22
 12146 | Lair:1   | Reached skill level 4 in Ice Magic
 12568 | Lair:2   | Found a hole to the Spider Nest.
 12594 | Lair:2   | Reached skill level 5 in Ice Magic
 12639 | Lair:2   | Reached skill level 1 in Conjurations
 12681 | Lair:2   | Reached skill level 2 in Conjurations
 12734 | Lair:2   | Found a staircase to the Shoals.
 12786 | Lair:2   | Noticed a catoblepas
 12795 | Lair:2   | Noticed a catoblepas
 12847 | Lair:2   | HP: 11/136 [catoblepas (15)]
 12856 | Lair:2   | HP: 9/91 [something/blast of calcifying dust (4)]
 13042 | Lair:2   | Reached skill level 3 in Conjurations
 13534 | Lair:1   | Reached skill level 4 in Conjurations
 13692 | Lair:1   | Reached skill level 11 in Hexes
 13933 | Lair:2   | Reached skill level 12 in Hexes
 14041 | Lair:2   | Reached skill level 9 in Staves
 14338 | Lair:2   | Killed a catoblepas
 14759 | Lair:2   | Killed a catoblepas
 14957 | Lair:2   | Reached skill level 10 in Staves
 15357 | Lair:3   | Reached XP level 13. HP: 67/96 MP: 12/23
 15999 | Lair:3   | Reached skill level 11 in Staves
 16461 | Lair:4   | Acquired the ring of Ymelal {rElec rPois rF+ rC- Will++}
 16881 | Lair:4   | Reached skill level 12 in Staves
 18462 | Lair:5   | Entered Level 5 of the Lair of Beasts
 18500 | Lair:5   | Bought a silver ring for 150 gold pieces
 18500 | Lair:5   | Bought a scroll of identify for 60 gold pieces
 18500 | Lair:5   | Bought a coral ring for 150 gold pieces
 18500 | Lair:5   | Bought a scroll of teleportation for 90 gold pieces
 18759 | Lair:5   | Reached skill level 13 in Stealth
 19024 | Lair:5   | Reached skill level 14 in Stealth
 19289 | Lair:5   | Found a staircase to the Slime Pits.
 19427 | Lair:5   | Reached skill level 15 in Stealth
 19820 | Lair:5   | Reached skill level 8 in Spellcasting
 19984 | Lair:5   | Reached XP level 14. HP: 103/103 MP: 26/26
 20312 | Lair:5   | Reached skill level 9 in Spellcasting
 20469 | Lair:5   | Found a burning altar of Makhleb.
 20748 | Lair:5   | Reached skill level 6 in Ice Magic
 21205 | Lair:5   | Found a gateway to Hell.
 21212 | Lair:5   | Identified the staff of Nuopt {rPois rF+ rN+ Necro}
 21534 | D:11     | Found a staircase to the Orcish Mines.
 21673 | D:11     | Reached skill level 7 in Ice Magic
 21729 | Orc:1    | Entered Level 1 of the Orcish Mines
 21729 | Orc:1    | Noticed Urug
 21810 | Orc:1    | Killed Urug
 22115 | Orc:2    | Entered Level 2 of the Orcish Mines
 22117 | Orc:2    | Found Nutor's Armour Boutique.
 22139 | Orc:1    | Noticed an orc warlord
 22312 | Orc:2    | Reached skill level 6 in Dodging
 22437 | Orc:2    | Killed an orc warlord
 22595 | Orc:2    | Found a staircase to the Elven Halls.
 22985 | Orc:2    | Reached skill level 7 in Dodging
 23169 | Orc:2    | Reached skill level 8 in Dodging
 24154 | Orc:2    | Found Goucoel's Distillery.
 24158 | Orc:2    | Found Ifein's Magic Scroll Emporium.
 24179 | Orc:2    | Reached skill level 13 in Hexes
 24226 | Orc:2    | Bought a potion of heal wounds for 60 gold pieces
 24228 | Orc:2    | Bought a scroll of identify for 28 gold pieces
 24228 | Orc:2    | Bought a scroll of identify for 28 gold pieces
 24228 | Orc:2    | Bought a scroll of identify for 28 gold pieces
 24917 | Orc:2    | Reached skill level 14 in Hexes
 25615 | Orc:2    | Identified a +1 robe of resistance
 25640 | Orc:2    | Reached skill level 10 in Spellcasting
 25659 | Orc:2    | Noticed Donald
 26011 | Orc:2    | Identified a +0 robe of resistance
 26067 | Orc:2    | Killed Donald
 26165 | Orc:2    | Noticed Saint Roka
 26372 | Orc:2    | HP: 6/103 [demonspawn (10)]
 26374 | Orc:2    | Slain by a demonspawn

Vanquished Creatures
  Donald (Orc:2)
  5 hydras
  An ogre mage (Orc:2)
  2 catoblepae (Lair:2)
  A demonspawn (Orc:2)
  3 boulder beetles
  5 two-headed ogres
  3 death yaks (Lair:4)
  Urug (Orc:1)
  8 orc high priests (Orc:2)
  A soul eater (Orc:2)
  2 sun demons
  An occultist (Lair:5)
  A skyshark (Lair:5)
  4 orc knights (Orc:2)
  A lindwurm (Lair:3)
  Maurice (D:7)
  3 orc sorcerers (Orc:2)
  4 black mambas
  6 mutant beasts (D:9)
  2 kobold blastminers
  A rust devil (Orc:2)
  5 elephants
  2 torpor snails (Lair:1)
  2 orange demons (Lair:5)
  21 cane toads
  A smoke demon (Lair:5)
  5 rime drakes (Lair:5)
  12 komodo dragons
  Jeremiah (D:7)
  3 trolls
  A red devil (Lair:5)
  3 polar bears
  Prince Ribbit (D:6)
  6 dream sheep (Lair:3)
  3 blink frogs (Lair:1)
  6 wyverns
  A wraith (D:9)
  A vampire (D:9)
  A ynoxinul (Orc:2)
  77 yaks
  5 basilisks
  3 steam dragons
  2 wargs (D:11)
  5 redbacks (Lair:2)
  2 vampire mosquitoes (D:11)
  4 hell hounds (Lair:5)
  19 water moccasins
  2 acid dragons
  2 black bears
  10 orc warriors
  2 ice beasts
  14 wolves
  3 centaurs
  2 ogres
  13 bullfrogs
  2 kobold brigands
  3 gnoll sergeants
  4 scorpions
  A wight (D:8)
  3 killer bees (D:8)
  2 howler monkeys
  A bombardier beetle (D:6)
  5 jellies
  A hound (D:6)
  14 orc priests
  A sleepcap (D:5)
  4 iguanas
  13 orc wizards
  8 gnolls
  7 adders
  A shadow imp (D:7)
  2 ufetubi (D:6)
  A dart slug (D:1)
  A ribbon worm (D:4)
  31 orcs
  8 endoplasms
  5 giant cockroaches
  5 goblins
  5 hobgoblins
  5 jackals
  10 ball pythons
  4 bats
  A frilled lizard (D:3)
  20 kobolds
  3 rats
468 creatures vanquished.

Vanquished Creatures (collateral kills)
  An orc warlord (Orc:2)
  A two-headed ogre (D:10)
  A kobold blastminer (Orc:1)
  A gargoyle (D:10)
  A red devil (Lair:5)
  An ice devil (Lair:5)
  13 orc warriors
  4 ogres
  A kobold brigand (D:6)
  3 wights (D:8)
  8 orc priests (Orc:2)
  3 orc wizards
  6 gnolls
  37 orcs
  7 kobolds
88 creatures vanquished.

Vanquished Creatures (others)
  27 dancing weapons
27 creatures vanquished.

Grand Total: 583 creatures vanquished

Table legend: (Time is in decaauts)
 A = Elapsed time spent in this place.
 B = Non-inter-level travel time spent in this place.
 C = Inter-level travel time spent in this place.
 D = Time resting spent in this place.
 E = Time spent auto-exploring this place.
 F = Levels seen in this place.
 G = Mean time per level.
                   A        B        C        D        E       F      G
               +--------+--------+--------+--------+--------+-----+--------+
         Total |  26167 |  24858 |   1309 |   4407 |  13946 |  19 | 1377.2 |
       Dungeon |  11681 |  10840 |    841 |   1683 |   6532 |  11 | 1061.9 |
        Temple |     28 |     28 |      0 |      0 |      0 |   1 |   28.0 |
          Lair |   9906 |   9509 |    397 |   1492 |   5578 |   5 | 1981.2 |
  Orcish Mines |   4551 |   4482 |     69 |   1232 |   1836 |   2 | 2275.5 |
               +--------+--------+--------+--------+--------+-----+--------+

Top non-repeatable levels by time:
   Orc:2: 3858 daAuts
  Lair:5: 2537 daAuts
  Lair:4: 2299 daAuts
  Lair:2: 2169 daAuts
  Lair:1: 1687 daAuts
     D:9: 1679 daAuts
     D:8: 1382 daAuts
  Lair:3: 1212 daAuts
     D:1: 1195 daAuts
     D:7: 1144 daAuts
    D:10: 1125 daAuts
     D:3: 1018 daAuts
     D:6: 1009 daAuts
     D:5: 973 daAuts
     D:2: 939 daAuts

Table legend:
 A = Non-vault XP
 B = Vault XP
 C = Vault XP percentage of total XP
 D = Non-vault monster count
 E = Vault monster count
 F = Vault count percentage of total count
                 A         B        C        D         E       F
            +---------+---------+-------+---------+---------+-------
      Total |   60937 |   41899 |  40.7 |     378 |     178 |  32.0
            +---------+---------+-------+---------+---------+-------
        D:1 |      32 |      15 |  31.9 |      13 |       5 |  27.8
        D:2 |     101 |       0 |   0.0 |      21 |       0 |   0.0
        D:3 |     189 |       5 |   2.6 |      10 |       2 |  16.7
        D:4 |      66 |      47 |  41.6 |       7 |       2 |  22.2
        D:5 |     600 |       0 |   0.0 |      12 |       0 |   0.0
        D:6 |    1244 |     265 |  17.6 |      24 |       1 |   4.0
        D:7 |     442 |    1033 |  70.0 |       7 |       9 |  56.2
        D:8 |    1111 |    1296 |  53.8 |      24 |      17 |  41.5
        D:9 |    4697 |     677 |  12.6 |      35 |       6 |  14.6
       D:10 |    2976 |     987 |  24.9 |      21 |       4 |  16.0
       D:11 |     357 |     563 |  61.2 |       2 |       9 |  81.8
     Lair:1 |    8056 |    1404 |  14.8 |      30 |       6 |  16.7
     Lair:2 |    8165 |     916 |  10.1 |      32 |       5 |  13.5
     Lair:3 |    6011 |     555 |   8.5 |      23 |       2 |   8.0
     Lair:4 |    5993 |    5919 |  49.7 |      23 |      15 |  39.5
     Lair:5 |   11208 |   10627 |  48.7 |      34 |      37 |  52.1
      Orc:1 |    1915 |     803 |  29.5 |      15 |       1 |   6.2
      Orc:2 |    7774 |   16787 |  68.3 |      45 |      57 |  55.9
            +---------+---------+-------+---------+---------+-------
